 Dungeon Crawl Stone Soup version 0.17.1-3-g152610e (webtiles) character file.

19555 Stendarr the Thaumaturge (level 12, -2/111 HPs)
             Began as a Troll Fire Elementalist on Apr 16, 2016.
             Was a Priest of Sif Muna.
             Shot with a poisoned arrow by a minotaur (11 damage)
             ... in a labyrinth on Apr 17, 2016.
             The game lasted 01:17:25 (19637 turns).

Stendarr the Thaumaturge (Troll Fire Elementalist) Turns: 19637, Time: 01:17:25

Health: -2/111     AC:  9    Str: 19    XL:     12   Next: 37%
Magic:  16/23      EV: 12    Int: 15    God:    Sif Muna [***...]
Gold:   840        SH:  0    Dex: 10    Spells: 8 memorised, 8 levels left

rFire  + . .     SeeInvis .     z - staff of wizardry
rCold  + . .     Clarity  .     l - +0 robe {rC+ rF+}
rNeg   + . .     SustAt   .     (no shield)
rPois  .         Gourm    +     (helmet restricted)
rElec  .         Spirit   .     (no cloak)
rCorr  .         Warding  .     (gloves unavailable)
rMut   .         Stasis   .     (boots unavailable)
MR     .....                    W - amulet of regeneration
Stlth  +.........               (no ring)
                                K - ring of positive energy

@: lethally poisoned (-2 -> -3), very slightly contaminated, not resistant to
hostile enchantments, very unstealthy
A: unfitting armour, beak, claws 3, hooves 1, icy blue scales 1, thin metallic
scales 1, blurry vision 1, fast metabolism 3, gourmand, regeneration 2, shaggy
fur 2, tough skin 2
a: Channel Energy, Forget Spell, Renounce Religion


You were in a labyrinth.
You worshipped Sif Muna.
Sif Muna was most pleased with you.
You were very hungry.

You visited 3 branches of the dungeon, and saw 16 of its levels.
You also visited: Labyrinth and Sewer.

You collected 862 gold pieces.
You spent 22 gold pieces at shops.

Inventory:

Hand Weapons
 a - a +4 dagger of draining
 y - a +1 mace of crushing
Armour
 l - a +0 robe of resistance (worn)
Magical Staves
 z - an uncursed staff of wizardry (weapon)
Jewellery
 K - a ring of positive energy (left claw)
 W - an amulet of regeneration (around neck)
Wands
 N - a wand of draining (11)
 R - a wand of confusion (17)
Scrolls
 d - 7 scrolls of remove curse
 f - 3 scrolls of amnesia
 r - 2 scrolls of recharging {unknown}
 s - a scroll of blinking {unknown}
 v - 3 scrolls of noise {unknown}
 w - 3 scrolls of fog
 B - 3 scrolls of teleportation
 C - 2 scrolls of magic mapping
 E - 2 scrolls of fear
 P - 2 scrolls of enchant armour {unknown}
 S - a scroll of torment {unknown}
 T - a scroll of immolation {unknown}
 U - a scroll of summoning {unknown}
Potions
 e - a potion of agility
 g - 4 potions of invisibility
 j - 2 potions of resistance
 k - 7 potions of flight
 n - a potion of berserk rage
 u - 2 potions of brilliance
 A - 3 potions of curing
 F - 2 potions of magic
 J - 2 potions of cure mutation {unknown}
Comestibles
 c - 12 bread rations
 o - 11 meat rations
 p - 11 fruits
 H - 3 beef jerkies
 I - 10 slices of pizza


   Skills:
 - Level 5.0 Fighting
 - Level 7.2 Dodging
 - Level 1.1 Stealth
 + Level 8.6 Spellcasting
 + Level 6.5 Conjurations
 + Level 6.3 Fire Magic
 - Level 4.0 Invocations


You had 8 spell levels left.
You knew the following spells:

 Your Spells              Type           Power        Failure   Level  Hunger
a - Flame Tongue          Conj/Fire      ####.        1%          1    None
b - Throw Flame           Conj/Fire      ####..       1%          2    None
c - Conjure Flame         Conj/Fire      ####....     1%          3    #......
d - Freeze                Ice            #...         4%          1    None
e - Sticky Flame          Conj/Fire      ####....     4%          4    ###....
f - Summon Butterflies    Summ           #.......     4%          1    None
g - Inner Flame           Hex/Fire       ###.....     4%          3    #......
h - Fireball              Conj/Fire      ####......   10%         5    #####..


Dungeon Overview and Level Annotations

Branches:
Dungeon (11/15)            Temple (1/1) D:5            Lair (4/8) D:8
 Spider (0/4) Lair:4
  Swamp: Lair:3-6    Shoals: Lair:3-6       Orc: D:9-12

Altars:
Cheibriados
Elyvilon
Fedhas
Gozag
Kikubaaqudgha
Nemelex Xobeh
Okawaru
Qazlal
Ru
Sif Muna
Trog
Yredelemnul
Zin
The Shining One

Shops:
D:5 %   D:7 ?   D:11 }

Annotations:
D:6 Sigmund


Innate Abilities, Weirdness & Mutations

You are too large for most types of armour.
You have claws for hands.
Your metabolism is lightning-fast.
You like to eat raw meat.
You heal very quickly.
You are covered in thick fur (AC +2).
You have very tough skin (AC +2).
You have a beak for a mouth.
You have large cloven feet.
You are partially covered in icy blue scales (AC +1).
You are partially covered in thin metallic scales (AC +2).
Scrolls take you a little longer to read.


Message History

Drink which item? (? for menu, Esc to quit)
You feel much better.
The minotaur stops burning.
The minotaur hits you but does no damage.
Unknown command.
You swap places.
Unknown command.
Unknown command.
The minotaur unwields an uncursed vampiric demon trident.
The minotaur wields an uncursed longbow.
The minotaur shoots a poisoned arrow.
The poisoned arrow misses your butterfly.
The poisoned arrow hits you!
* * * LOW HITPOINT WARNING * * *
You are poisoned.
You see here a poisoned arrow.
Unknown command.
You swap places.
You feel sick.
The minotaur shoots a poisoned arrow.
The poisoned arrow completely misses your butterfly. x2
The poisoned arrow hits you!
You die...

#.# #.### ###
[# #
#.........#.#
H8 . #.####
.###.# ..# # #
#. #... ...#
.8# .. ## #
#.###.##'##.#
...#...bH....#
#
#####.bb###.#
.#..(b...# #
###@#.#.#
#..b..#.#
#.#####.# #.
#.. # ###


You could see a minotaur.

Vanquished Creatures
  Erica (D:8)
  A hydra (D:11)
  Pikel (D:6)
  A hill giant (D:11)
  A cyclops (D:11)
  The ghost of execc the Slasher, a novice OpGl of Makhleb (D:5)
  A black mamba (Lair:2)
  3 kobold demonologists (D:11)
  A spiny frog (Lair:3)
  3 komodo dragons
  2 trolls (D:10)
  2 polar bears (D:10)
  A two-headed ogre (D:9)
  9 blink frogs
  The ghost of bollicks1999 the Covert, an amateur OpAs (D:4)
  A trapdoor spider (D:10)
  A deep elf mage (D:9)
  A human (D:7)
  15 yaks
  A hungry ghost (D:10)
  4 hippogriffs
  A wyvern (Lair:1)
  A hog (D:7)
  Menkaure (D:6)
  6 wolves
  Duvessa (D:6)
  3 orc warriors
  A black bear (D:6)
  2 sky beasts
  Purgy (Sewer)
  5 ogres
  7 water moccasins
  A necrophage (D:10)
  4 ice beasts
  3 phantoms
  5 porcupines
  A big kobold (D:8)
  4 crocodiles
  7 centaurs
  Dowan (D:6)
  12 giant frogs
  3 scorpions
  A water moccasin skeleton (D:7)
  5 wights (D:9)
  2 crimson imps
  The ghost of namelastname112 the Ducker, a weakling SpBe (D:3)
  4 hounds
  7 human zombies (D:8)
  A quasit (D:8)
  2 orc priests
  Ijyb (D:2)
  13 orc wizards
  9 iguanas
  2 human skeletons (D:8)
  9 worker ants
  11 sheep
  A hound zombie (D:9)
  A killer bee zombie (D:6)
  A mummy (D:8)
  4 gnolls
  6 river rats (Lair:3)
  11 adders
  4 shadow imps
  An adder skeleton (D:3)
  6 worms
  10 giant geckos
  55 orcs
  A ball python (D:1)
  9 goblins
  9 hobgoblins
  11 jackals
  15 kobolds
  2 quokkas
  11 bats
  6 giant cockroaches
  4 giant newts
  A goblin zombie (D:8)
  5 hobgoblin zombies (D:8)
  A kobold skeleton (D:8)
  3 orc zombies (D:8)
  2 quokka skeletons (D:10)
  A quokka zombie (D:7)
  11 rats
  A fungus (D:8)
383 creatures vanquished.

Vanquished Creatures (others)
  A centaur (D:6)
  A giant frog zombie (D:6)
  A worker ant (D:6)
  A jackal skeleton (D:6)
  A fire vortex (D:7)
  3 fungi
  4 plants
12 creatures vanquished.

Grand Total: 395 creatures vanquished

Notes
Turn   | Place    | Note
--------------------------------------------------------------
     0 | D:1      | Stendarr the Troll Fire Elementalist began the quest for the Orb.
     0 | D:1      | Reached XP level 1. HP: 16/16 MP: 1/1
    81 | D:1      | Reached XP level 2. HP: 24/24 MP: 3/3
   343 | D:1      | Reached XP level 3. HP: 28/31 MP: 5/5
  1027 | D:2      | Reached XP level 4. HP: 13/39 MP: 2/7
  1501 | D:2      | Reached skill level 3 in Spellcasting
  1642 | D:2      | Noticed Ijyb
  1655 | D:2      | Killed Ijyb
  2108 | D:3      | Learned a level 2 spell: Throw Flame
  2122 | D:3      | Reached XP level 5. HP: 45/45 MP: 8/8
  2124 | D:3      | Found a faded altar to an unknown god.
  2215 | D:3      | Noticed namelastname112's ghost (weakling SpBe)
  2229 | D:3      | Killed namelastname112's ghost
  2345 | D:3      | Reached skill level 1 in Conjurations
  2412 | D:3      | Found a glowing drain.
  2416 | Sewer    | Entered a sewer
  2569 | Sewer    | Noticed Purgy
  2577 | Sewer    | Killed Purgy
  2577 | Sewer    | Reached XP level 6. HP: 34/53 MP: 2/10
  2810 | D:3      | Learned a level 3 spell: Conjure Flame
  3793 | D:4      | Found a stormy altar of Qazlal.
  4225 | D:4      | Noticed bollicks1999's ghost (amateur OpAs)
  4288 | D:4      | Killed bollicks1999's ghost
  4288 | D:4      | Reached skill level 4 in Spellcasting
  4288 | D:4      | Reached XP level 7. HP: 34/59 MP: 0/12
  4335 | D:4      | Learned a level 1 spell: Freeze
  4527 | D:4      | You fall through a shaft for 2 floors!
  5208 | D:6      | Reached XP level 8. HP: 44/67 MP: 4/14
  5455 | D:6      | Noticed Sigmund
  5649 | D:6      | Learned a level 4 spell: Sticky Flame
  5833 | D:6      | Noticed Pikel
  5842 | D:6      | Killed Pikel
  5842 | D:6      | Reached skill level 5 in Spellcasting
  5898 | D:6      | Found a blossoming altar of Fedhas.
  5908 | D:6      | Found a sacrificial altar of Ru.
  6123 | D:6      | Noticed Duvessa
  6125 | D:6      | Noticed Dowan
  6142 | D:6      | Killed Duvessa
  6156 | D:6      | Killed Dowan
  6352 | D:6      | Found a sparkling altar of Nemelex Xobeh.
  6354 | D:6      | Noticed Menkaure
  6379 | D:6      | Reached XP level 9. HP: 38/74 MP: 0/16
  6459 | D:6      | Killed Menkaure
  6942 | D:7      | Found Jioschot's Magic Scroll Shop.
  6951 | D:7      | Reached skill level 6 in Spellcasting
  6985 | D:7      | Bought a scroll of fog for 22 gold pieces
  7680 | D:7      | Reached skill level 5 in Conjurations
  7805 | D:7      | Reached skill level 5 in Fire Magic
  8162 | D:7      | Reached skill level 1 in Fighting
  8513 | D:5      | Entered Level 5 of the Dungeon
  8513 | D:5      | Found a basalt altar of Yredelemnul.
  8580 | D:5      | Found a staircase to the Ecumenical Temple.
  8642 | Temple   | Entered the Ecumenical Temple
  8651 | Temple   | Became a worshipper of Sif Muna the Loreminder
  8737 | D:5      | Found a white marble altar of Elyvilon.
  8749 | D:5      | Noticed execc's ghost (novice OpGl)
  8764 | D:5      | Killed execc's ghost
  9140 | D:5      | Found Coichoob's Food Shop.
  9294 | D:5      | Reached XP level 10. HP: 73/87 MP: 9/19
  9419 | D:5      | Learned a level 1 spell: Summon Butterflies
  9602 | D:8      | Found a glowing golden altar of the Shining One.
  9810 | D:8      | Learned a level 3 spell: Inner Flame
  9816 | D:8      | Learned a level 5 spell: Fireball
  9897 | D:8      | Found a staircase to the Lair.
 10028 | D:8      | Reached * piety under Sif Muna
 10032 | D:8      | Noticed Erica
 10053 | D:8      | Killed Erica
 10053 | D:8      | Reached skill level 7 in Spellcasting
 10561 | D:8      | Found an ancient bone altar of Kikubaaqudgha.
 10582 | D:8      | Reached skill level 1 in Invocations
 10951 | D:8      | Found an ancient bone altar of Kikubaaqudgha.
 10952 | D:8      | Found a sparkling altar of Nemelex Xobeh.
 12326 | D:9      | Found a sacrificial altar of Ru.
 12461 | D:10     | Entered Level 10 of the Dungeon
 12486 | D:10     | Gained mutation: You are frail (-10% HP). [mutagenic meat]
 12487 | D:10     | Gained mutation: You have large cloven feet. [mutagenic meat]
 12488 | D:10     | Lost mutation: You are frail (-10% HP). [mutagenic meat]
 12525 | D:10     | Found a bloodstained altar of Trog.
 13094 | D:10     | Gained mutation: You are partially covered in icy blue scales (AC +1). [potion of mutation]
 13094 | D:10     | Gained mutation: You are covered in thick fur (AC +2). [potion of mutation]
 13094 | D:10     | Gained mutation: Scrolls take you a little longer to read. [potion of mutation]
 13136 | D:10     | Reached XP level 11. HP: 61/101 MP: 11/20
 13277 | D:10     | Gained mutation: You are partially covered in thin metallic scales (AC +2). [potion of mutation]
 13277 | D:10     | Gained mutation: You have a beak for a mouth. [potion of mutation]
 14301 | D:11     | Reached skill level 5 in Fighting
 14324 | D:11     | Noticed a six-headed hydra
 14330 | D:11     | Killed a six-headed hydra
 14330 | D:11     | Reached skill level 5 in Dodging
 14460 | D:11     | Noticed a hill giant
 14468 | D:11     | Killed a hill giant
 14669 | D:11     | Found Jushuw's Gadget Emporium.
 15111 | Lair:1   | Entered Level 1 of the Lair of Beasts
 15505 | Lair:1   | Reached ** piety under Sif Muna
 16501 | Lair:2   | Reached skill level 8 in Spellcasting
 17421 | Lair:2   | Reached XP level 12. HP: 111/111 MP: 5/23
 17930 | Lair:3   | Reached *** piety under Sif Muna
 19086 | Lair:4   | Found a labyrinth entrance.
 19172 | Lab      | Entered a labyrinth
 19624 | Lab      | Noticed a minotaur
 19637 | Lab      | Shot with a poisoned arrow by a minotaur

Action                   |  1- 3 |  4- 6 |  7- 9 | 10-12 || total
-------------------------+-------+-------+-------+-------++-------
Melee: Unarmed           |    85 |   112 |       |       ||   197
       Mace              |       |       |   133 |    44 ||   177
       Staff             |       |       |       |    41 ||    41
       Dagger            |       |       |       |     1 ||     1
Throw: Tomahawk          |       |     1 |     5 |       ||     6
 Cast: Flame Tongue      |    33 |   105 |   287 |   438 ||   863
       Conjure Flame     |       |       |     5 |    22 ||    27
       Sticky Flame      |       |       |    11 |   121 ||   132
       Throw Flame       |       |       |     5 |    20 ||    25
       Summon Butterflie |       |       |       |     6 ||     6
       Freeze            |       |       |       |     9 ||     9
       Inner Flame       |       |       |       |     1 ||     1
Invok: Channel Energy    |       |       |       |    52 ||    52
  Use: Scroll            |       |     8 |       |    14 ||    22
       Potion            |       |       |       |     3 ||     3
 Stab: Sleeping          |     2 |     2 |       |       ||     4
       Distracted        |     1 |       |       |       ||     1
  Eat: Chunk             |    13 |    25 |    50 |   115 ||   203
       Beef jerky        |       |       |     1 |       ||     1
       Meat ration       |       |       |     1 |       ||     1
       Fruit             |       |       |     1 |       ||     1
       Royal jelly       |       |       |       |     1 ||     1
